 Dungeon Crawl Stone Soup version 0.31-a0-728-g01b46875f1 (webtiles) character file.

Game seed: 16027660083088223510

18542 pokeman the Eclecticist (level 12, -10/66 HPs)
             Began as a Deep Elf Hedge Wizard on Sept 11, 2023.
             Was an Elder of Vehumet.
             Mangled by a skeletal warrior
             ... wielding a +0 war axe
              (17 damage)
             ... on level 12 of the Dungeon.
             The game lasted 00:37:02 (16030 turns).

pokeman the Eclecticist (Deep Elf Hedge Wizard)    Turns: 16030, Time: 00:37:02

Health: -10/66     AC:  8    Str:  7    XL:     12   Next: 28%
Magic:  1/34       EV: 17    Int: 25    God:    Vehumet [****..]
Gold:   1864       SH:  5    Dex: 14    Spells: 24/43 levels left

rFire   . . .        X - +1 dagger (venom)
rCold   + . .        (no shield)
rNeg    . . .        A - +2 leather armour {rC+}
rPois   .            C - +0 helmet
rElec   .            (no cloak)
rCorr   .            w - +0 pair of gloves
SInv    .            O - +0 pair of boots
Will    +....        V - amulet of reflection
Stlth   ++           x - +5 ring of evasion
HPRegen 0.31/turn    (no ring)
MPRegen 0.24/turn

%: reflection
@: no status effects
A: no striking features
a: Renounce Religion


You were on level 12 of the Dungeon.
You worshipped Vehumet.
Vehumet was greatly pleased with you.
You visited 2 branches of the dungeon, and saw 13 of its levels.
You also visited: Ossuary.

You collected 2114 gold pieces.
You spent 250 gold pieces at shops.

Inventory:

Hand Weapons
 X - a +1 dagger of venom (weapon)
Missiles
 L - 6 curare-tipped darts
Armour
 w - a +0 pair of gloves (worn)
 A - a +2 leather armour of cold resistance (worn)
 C - a +0 helmet (worn)
 F - the +4 kite shield of the Kettle-Drum {Contam Str+7 Slay+2}
   (You found it on level 6 of the Dungeon)

   Str+7:     It affects your strength (+7).
   Slay+2:    It affects your accuracy & damage with ranged weapons and melee
   (+2).
   Contam:    It causes magical contamination when unequipped.
 H - a +1 robe of cold resistance
 O - a +0 pair of boots (worn)
 R - +0 acid dragon scales
 T - a +0 leather armour of poison resistance
Magical Staves
 a - a staff of death
 t - a staff of cold
 u - a staff of fire
Jewellery
 x - a +5 ring of evasion (left hand)
 N - an amulet of guardian spirit
 S - a ring of fire
 U - an amulet of regeneration
 V - an amulet of reflection (around neck)
Wands
 m - a wand of digging (1)
 p - a wand of iceblast (3)
 q - a wand of paralysis (33)
 z - a wand of flame (19)
 G - a wand of polymorph (5)
Scrolls
 c - a scroll of fog
 f - 2 scrolls of enchant weapon
 g - 3 scrolls of blinking
 h - 7 scrolls of teleportation
 j - 2 scrolls of enchant armour
 k - a scroll of identify
 l - a scroll of torment
 o - 4 scrolls of fear
 r - 3 scrolls of poison
 y - a scroll of vulnerability
 B - 2 scrolls of revelation
 I - a scroll of butterflies {unknown}
 J - a scroll of immolation {unknown}
 M - a scroll of noise {unknown}
 W - a scroll of amnesia {unknown}
Potions
 b - 6 potions of lignification
 d - 3 potions of magic
 e - 11 potions of curing
 i - a potion of ambrosia
 n - 3 potions of mutation {unknown}
 s - 6 potions of heal wounds
 v - 3 potions of attraction {unknown}
 D - 4 potions of brilliance {unknown}
 E - 2 potions of might {unknown}
 K - a potion of berserk rage {unknown}
 P - a potion of resistance {unknown}
 Q - a potion of haste {unknown}


   Skills:
 - Level 4.0 Fighting
 + Level 3.6 Armour
 - Level 3.2 Dodging
 - Level 3.3 Stealth
 - Level 3.0 Shields
 * Level 16.0 Spellcasting
 + Level 9.5 Conjurations
 - Level 1.1 Summonings
 - Level 1.1 Necromancy
 - Level 1.1 Translocations
 + Level 8.6 Fire Magic
 - Level 1.3 Ice Magic
 - Level 1.0 Air Magic
 + Level 8.0 Earth Magic
 - Level 2.0 Poison Magic
 - Level 2.0 Evocations


You had 24 spell levels left.
You knew the following spells:

 Your Spells              Type           Power      Damage    Failure   Level
a - Magic Dart            Conj           100%       1d8       1%          1
b - Mephitic Cloud        Conj/Pois/Air  41%        N/A       1%          3
c - Call Imp              Summ           50%        N/A       3%          2
d - Blink                 Tloc           50%        N/A       3%          2
e - Stone Arrow           Conj/Erth      100%       3d13      1%          3
f - Freezing Cloud        Conj/Ice/Air   19%        6-21      6%          5
g - Ignite Poison         Fire/Tmut/Pois 37%        N/A       1%          3

Your spell library contained the following spells:

 Spells                   Type           Power      Damage    Failure   Level
 Inner Flame              Hex/Fire       41%        N/A       1%          3
 Sandblast                Erth           100%       2d20      1%          1
 Passwall                 Tmut/Erth      33%        N/A       1%          2
 Poisonous Vapours        Pois/Air       54%        N/A       1%          2
 Slow                     Hex            80%        N/A       3%          1
 Cigotuvi's Dreadful Rot  Necr/Pois/Air  54%        N/A       3%          2
 Ensorcelled Hibernation  Hex/Ice        46%        N/A       4%          2
 Swiftness                Air            25%        N/A       8%          3


Dungeon Overview and Level Annotations

Branches:
Dungeon (12/15)            Temple (1/1) D:6            Lair (0/5) D:10
    Orc (0/2) D:12        Ossuary (visited)

Altars:
Ashenzari
Cheibriados
Dithmenos
Elyvilon
Fedhas
Gozag
Hepliaklqana
Kikubaaqudgha
Makhleb
Nemelex Xobeh
Okawaru
Qazlal
Ru
Sif Muna
Trog
Uskayaw
Vehumet
Wu Jian
Xom
Yredelemnul
Zin
The Shining One

Shops:
D:1 (   D:3 *   D:4 !   D:10 (*

Annotations:
D:10 3 runed translucent doors, Age's ghost, journeyman MiFi


Message History

Aiming: Stone Arrow (safe; 1% risk of failure)
Press: ? - help, Shift-Dir - straight line, f - skeletal warrior
Aim: a skeletal warrior, wielding a +0 war axe (flame, lightly damaged, 78% to hit)
The stone arrow hits the skeletal warrior!
The skeletal warrior is heavily damaged.
The skeletal warrior is engulfed in blazing flames.
The skeletal warrior hits you with a +0 hand axe!!
* * * LOW HITPOINT WARNING * * *
Unknown command.
Casting: Stone Arrow (safe; 1% risk of failure)
Confirm with . or Enter, or press ? or * to list all spells.
You blink.
The skeletal warrior is engulfed in blazing flames.
Unknown command.
Casting: Blink (safe; 3% risk of failure)
Confirm with . or Enter, or press ? or * to list all spells.
Aiming: Stone Arrow (safe; 1% risk of failure)
Press: ? - help, Shift-Dir - straight line, f/p - skeletal warrior
Aim: a skeletal warrior, wielding a +0 war axe (flame, moderately damaged, 78% to hit)
The stone arrow misses the skeletal warrior.
The stone arrow hits the skeletal warrior!!
The skeletal warrior is heavily damaged.
You feel stable enough to blink again.
Casting: Stone Arrow (safe; 1% risk of failure)
Confirm with . or Enter, or press ? or * to list all spells.
Aiming: Stone Arrow (safe; 1% risk of failure)
Press: ? - help, Shift-Dir - straight line, f/p - skeletal warrior
Aim: a skeletal warrior, wielding a +0 war axe (heavily damaged, 78% to hit)
The stone arrow misses the skeletal warrior.
The stone arrow hits the skeletal warrior!!
The skeletal warrior is almost destroyed.
Unknown command.
Casting: Stone Arrow (safe; 1% risk of failure)
Confirm with . or Enter, or press ? or * to list all spells.
You blink.
You block the skeletal warrior's attack.
You feel stable enough to blink again.
The skeletal warrior attacks as it pursues you!
The skeletal warrior hits you with a +0 war axe!
You die...

#.....#### #......'.#.)........
#.....'..#####[.....####'########
#.....##..<..'......# #..##
####'#########......# ##..### #.#
#####'## ##...# #.# ##..# ###.#
#.# #..## #.# #.# #.## #####'####
####.### #@# #........#
.).....#########z#######........#
####ยง#............z....+........#
#.###########.#######........# #.#
##.# #........# #.# #..#
######'### #.# #.## ###.# ##.# #.#
#...# #..# #.# #.###


You could see a skeletal warrior.

Vanquished Creatures
  A fire dragon (D:12)
  2 boulder beetles (D:12)
  A dancing weapon (D:6)
  2 skeletal warriors (D:12)
  The ghost of Dordric the Mimic, a novice OpSh of Trog (D:6)
  A deep elf pyromancer (D:12)
  A manticore (D:12)
  2 ugly things
  3 rust devils (D:10)
  A gargoyle (D:10)
  A smoke demon (D:10)
  A kobold demonologist (D:10)
  An unseen horror (D:10)
  A hellwing (D:10)
  2 trolls (D:10)
  Prince Ribbit (D:6)
  21 yaks
  A wyvern (D:8)
  Eustachio (D:4)
  A steam dragon (D:9)
  6 vampire mosquitoes
  Menkaure (D:4)
  An acid dragon (D:10)
  A water moccasin (D:7)
  9 orc warriors
  2 black bears
  3 ogres
  8 centaurs
  11 kobold brigands
  2 phantoms (D:5)
  Blork the orc (D:6)
  3 elf zombies (Ossuary)
  2 bullfrogs
  2 gnoll sergeants
  2 scorpions (D:5)
  5 wights (D:6)
  15 killer bees
  A centaur zombie (Ossuary)
  7 orc priests
  A jelly (D:6)
  3 hounds
  A sleepcap (D:5)
  3 human zombies (Ossuary)
  2 iguanas
  12 orc wizards
  2 mummies (Ossuary)
  10 gnolls
  6 adders
  4 shadow imps
  A white imp (D:7)
  An ufetubus (D:4)
  A worm (D:2)
  3 dart slugs
  43 orcs
  5 ball pythons
  4 endoplasms
  A giant cockroach (D:4)
  11 goblins
  8 hobgoblins
  3 jackals
  3 quokkas
  2 bats
  5 frilled lizards
  A goblin zombie (Ossuary)
  10 hobgoblin zombies (Ossuary)
  49 kobolds
  10 kobold skeletons (D:10)
  18 kobold zombies
  7 orc zombies (Ossuary)
  4 rats
  2 rat zombies (Ossuary)
364 creatures vanquished.

Vanquished Creatures (collateral kills)
  2 killer bees
  An orc priest (D:12)
  An orc (D:12)
4 creatures vanquished.

Vanquished Creatures (others)
  A slime creature (D:10)
1 creature vanquished.

Grand Total: 369 creatures vanquished

Notes
Turn   | Place    | Note
-------+----------+-------------------------------------------
     0 | D:1      | pokeman the Deep Elf Hedge Wizard began the quest for the
                  | Orb.
     0 | D:1      | Reached XP level 1. HP: 10/10 MP: 7/7
    46 | D:1      | Found Uqucsuf's Weapon Shop.
   478 | D:1      | Reached XP level 2. HP: 16/16 MP: 0/9
  1044 | D:2      | Reached skill level 5 in Spellcasting
  1200 | D:2      | Reached XP level 3. HP: 20/20 MP: 7/11
  1204 | D:2      | Learned a level 3 spell: Mephitic Cloud
  1207 | D:2      | Learned a level 2 spell: Call Imp
  1210 | D:2      | Learned a level 2 spell: Blink
  1354 | D:2      | Reached skill level 1 in Fighting
  1576 | D:2      | Found a faded altar of an unknown god.
  2000 | D:3      | Reached skill level 1 in Armour
  2000 | D:3      | HP: 1/20 [orc priest/divine providence (13)]
  2116 | D:3      | Reached XP level 4. HP: 12/25 MP: 2/13
  2703 | D:3      | Found an opulent altar of Gozag.
  2706 | D:3      | Found Gozag's Platinum Reserve.
  2766 | D:3      | Noticed a centaur
  2777 | D:3      | Killed a centaur
  2778 | D:3      | Reached skill level 6 in Spellcasting
  2778 | D:3      | Reached XP level 5. HP: 27/29 MP: 9/15
  3022 | D:3      | Found a shimmering blue altar of Sif Muna.
  3039 | D:3      | Found a basalt altar of Yredelemnul.
  3100 | D:3      | Found a bloodstained altar of Trog.
  3119 | D:3      | Found an ancient bone altar of Kikubaaqudgha.
  3314 | D:3      | Found an ornate altar of the Wu Jian Council.
  3576 | D:4      | Reached skill level 1 in Necromancy
  3576 | D:4      | Reached XP level 6. HP: 34/34 MP: 6/17
  3696 | D:4      | Found Peinan's Distillery.
  3701 | D:4      | Bought a potion of curing for 30 gold pieces
  3701 | D:4      | Bought a potion of degeneration for 10 gold pieces
  3701 | D:4      | Bought a potion of curing for 30 gold pieces
  3701 | D:4      | Bought 2 potions of heal wounds for 100 gold pieces
  3701 | D:4      | Bought a potion of magic for 80 gold pieces
  3787 | D:4      | Reached skill level 7 in Spellcasting
  3787 | D:4      | Reached skill level 1 in Ice Magic
  3905 | D:4      | Noticed Eustachio
  4133 | D:4      | Killed Eustachio
  4134 | D:4      | Reached skill level 1 in Fire Magic
  4134 | D:4      | Reached skill level 1 in Air Magic
  4335 | D:4      | Found a glowing golden altar of the Shining One.
  4335 | D:4      | Found a glowing silver altar of Zin.
  4335 | D:4      | Found a white marble altar of Elyvilon.
  4647 | D:4      | Noticed Menkaure
  4655 | D:4      | Killed Menkaure
  4656 | D:4      | Reached XP level 7. HP: 38/38 MP: 11/20
  4840 | D:5      | Entered Level 5 of the Dungeon
  4851 | D:5      | Reached skill level 1 in Poison Magic
  4851 | D:5      | Reached skill level 1 in Evocations
  4893 | D:5      | Reached skill level 8 in Spellcasting
  5478 | D:5      | Learned a level 3 spell: Stone Arrow
  5501 | D:5      | Reached XP level 8. HP: 37/43 MP: 16/22
  6138 | D:6      | Found a runed translucent door.
  6139 | D:6      | Found a shimmering altar of Xom.
  6139 | D:6      | Noticed Dordric's ghost (novice OpSh)
  6177 | D:6      | Reached skill level 9 in Spellcasting
  6177 | D:6      | Reached skill level 1 in Earth Magic
  6354 | D:6      | Found a sand-covered staircase.
  6365 | D:6      | Identified the +4 kite shield of the Kettle-Drum {Contam
                  | Str+7 Slay+2}
  6372 | Ossuary  | Entered an ossuary
  6690 | Ossuary  | Reached skill level 5 in Conjurations
  6984 | D:6      | Noticed Prince Ribbit
  6990 | D:6      | Killed Prince Ribbit
  6991 | D:6      | Reached skill level 10 in Spellcasting
  7005 | D:6      | Reached XP level 9. HP: 48/48 MP: 8/25
  7199 | D:6      | Noticed Blork the orc
  7210 | D:6      | Killed Blork the orc
  7449 | D:6      | Found a staircase to the Ecumenical Temple.
  7464 | Temple   | Entered the Ecumenical Temple
  7522 | Temple   | Became a worshipper of Vehumet
  7529 | Temple   | Learned a level 5 spell: Freezing Cloud
  7717 | D:6      | Noticed a +1 spear of chaos
  7800 | D:6      | Found a sparkling altar of Nemelex Xobeh.
  7803 | D:6      | Found an iron altar of Okawaru.
  7806 | D:6      | Found a shadowy altar of Dithmenos.
  8238 | D:7      | Reached skill level 11 in Spellcasting
  8538 | D:7      | Reached skill level 5 in Fire Magic
  9081 | D:7      | Found a broken altar of Ashenzari.
  9328 | D:8      | Reached * piety under Vehumet
  9328 | D:8      | Offered knowledge of Kiss of Death by Vehumet.
  9806 | D:8      | Reached skill level 1 in Shields
 10409 | D:9      | Reached XP level 10. HP: 53/53 MP: 20/27
 10519 | D:9      | Reached skill level 12 in Spellcasting
 10706 | D:9      | Reached skill level 5 in Earth Magic
 11307 | D:10     | Entered Level 10 of the Dungeon
 11324 | D:10     | Offered knowledge of Searing Ray by Vehumet.
 11481 | D:10     | Found a staircase to the Lair.
 11482 | D:10     | Reached ** piety under Vehumet
 11498 | D:10     | Reached skill level 13 in Spellcasting
 11683 | D:10     | Noticed a rust devil
 11689 | D:10     | Killed a rust devil
 11935 | D:10     | Offered knowledge of Ignite Poison by Vehumet.
 11959 | D:10     | Reached *** piety under Vehumet
 11967 | D:10     | Learned a level 3 spell: Ignite Poison
 12007 | D:10     | Noticed a smoke demon
 12016 | D:10     | Reached XP level 11. HP: 45/57 MP: 8/30
 12021 | D:10     | Offered knowledge of Volatile Blastmotes by Vehumet.
 12134 | D:10     | Found an ancient bone altar of Kikubaaqudgha.
 12366 | D:10     | Found a runed translucent gate.
 12368 | D:10     | Found a runed translucent gate.
 12368 | D:10     | Found a runed translucent gate.
 12368 | D:10     | Found an opulent altar of Gozag.
 12373 | D:10     | Found Ecaah's Assorted Antiques.
 12373 | D:10     | Noticed Age's ghost (journeyman MiFi)
 12373 | D:10     | Noticed a skeletal warrior
 12399 | D:10     | Reached skill level 14 in Spellcasting
 12604 | D:10     | Found Zuubeg Wuva's Weapon Emporium.
 12858 | D:10     | Reached **** piety under Vehumet
 12969 | D:10     | Found a snail-covered altar of Cheibriados.
 12969 | D:10     | Found a hazy altar of Hepliaklqana.
 13295 | D:6      | Killed a +1 spear of chaos
 13296 | D:6      | Killed Dordric's ghost
 13599 | D:11     | Offered knowledge of Inner Flame by Vehumet.
 13676 | D:11     | Noticed a white ugly thing
 13685 | D:11     | Killed a white ugly thing
 13822 | D:11     | Reached skill level 15 in Spellcasting
 14416 | D:12     | Noticed a boulder beetle
 14451 | D:12     | Killed a boulder beetle
 14786 | D:12     | Noticed a green ugly thing
 14790 | D:12     | Killed a green ugly thing
 14882 | D:12     | Noticed a fire dragon
 14889 | D:12     | Killed a fire dragon
 14983 | D:12     | Reached XP level 12. HP: 53/66 MP: 20/33
 15171 | D:12     | Noticed a boulder beetle
 15183 | D:12     | Killed a boulder beetle
 15292 | D:12     | Found an ancient bone altar of Kikubaaqudgha.
 15783 | D:12     | Found a staircase to the Orcish Mines.
 16001 | D:12     | Reached skill level 16 in Spellcasting
 16017 | D:12     | HP: 3/66 [skeletal warrior/+0 hand axe (24)]
 16030 | D:12     | Mangled by a skeletal warrior

Illustrated notes

Levels and vault maps discovered:
D:1:      wander_arrival_peaceful_grave, layout_loops_ring, serial_shops,
          nicolae_shop_behind_doors, amethyst_killhole, serial_bayou_ford_a,
          minmay_misc_feat_enclosed, minmay_misc_feat_doors, st_stairs_12,
          kennysheep_doodads
D:2:      layout_loops_ring, shapermc_ecumenical_altar_mp_highgroup,
          hangedman_decor_push
D:3:      layout_loops_cross, nicolae_gozag_zags_fifth_avenue,
          nicolae_overflow_quartered_altars,
          nicolae_wu_jian_immortal_techniques, minmay_vboxes
D:4:      layout_layer_cave, dreamdust_divine_triumvirate, serial_shops,
          kennysheep_little_box, serial_glass, glass_columns_c, glass_columns_c,
          glass_columns_a, glass_columns_c, feat_on_display,
          due_unseen_surprise, minmay_strange_pillars, minmay_strange_pillars,
          uniq_menkaure, uniq_eustachio
D:5:      layout_loops_cross, serial_aquarium, aquarium_bridge_island_small
          [aquarium_subvault_small_open, aquarium_subvault_balcony,
          aquarium_subvault_balcony, aquarium_subvault_bridge,
          aquarium_subvault_balcony], aquarium_bridge_square
          [aquarium_subvault_window, aquarium_subvault_wall,
          aquarium_subvault_bridge, aquarium_subvault_wall],
          aquarium_window_corridor_2, aquarium_window_1, aquarium_view_2a,
          aquarium_balcony_1b
D:6:      layout_rooms, nicolae_overflow_hidden_temple,
          minmay_temple_entry_offerings, ebering_ghost_xom,
          nicolae_ossuary_entry_monument, minmay_between, uniq_blork_the_orc,
          uniq_prince_ribbit1
D:7:      layout_rooms, kennysheep_mini
D:8:      layout_basic
D:9:      layout_cave_pools, nicolae_straight_to_the_point
D:10:     wander_kiku_kobolds, layout_loops_ring,
          nicolae_overflow_two_pavilions, serial_shops, nicolae_square_shop,
          ebering_ghost_gozag, nicolae_where_there's_smoke
D:11:     layout_basic
D:12:     layout_roguey, david_orc_4, kiku_gazebo_pond_becter
Temple:   hellmonk_temple_beads

Skill      XL: |  1  2  3  4  5  6  7  8  9 10 11 12 |
---------------+-------------------------------------+-----
Spellcasting   | 5 6 7 8 10 11 13 15 16 | 16.0
Fighting       | 1 2 4 |  4.0
Armour         | 1 3 |  3.6
Conjurations   | 2 3 4 5 6 7 9 |  9.5
Dodging        | 3 |  3.2
Stealth        | 3 |  3.3
Necromancy     | 1 |  1.1
Ice Magic      | 1 |  1.3
Fire Magic     | 2 4 5 6 8 |  8.6
Air Magic      | 1 |  1.0
Poison Magic   | 2 |  2.0
Evocations     | 2 |  2.0
Earth Magic    | 2 4 6 7 8 |  8.0
Shields        | 1 3 |  3.0
Summonings     | |  1.1
Translocations | |  1.1

Action                     |  1- 3 |  4- 6 |  7- 9 | 10-12 || total
---------------------------+-------+-------+-------+-------++-------
  Melee: Dagger            |     6 |    40 |   247 |     5 ||   298
         Punch             |       |       |     2 |     3 ||     5
         Short sword       |       |       |       |   124 ||   124
         Whip              |       |       |       |    53 ||    53
   Cast: Magic Dart        |    85 |   112 |   101 |    62 ||   360
         Mephitic Cloud    |     2 |     5 |    13 |    43 ||    63
         Call Imp          |       |     1 |     1 |    10 ||    12
         Blink             |       |     1 |     1 |     4 ||     6
         Stone Arrow       |       |       |   121 |   170 ||   291
         Ignite Poison     |       |       |       |     6 ||     6
         Freezing Cloud    |       |       |       |     3 ||     3
  Evoke: Wand              |       |     1 |     1 |     4 ||     6
    Use: Scroll            |       |       |       |    12 ||    12
   Stab: Sleeping          |     1 |       |     1 |       ||     2
         Confused          |       |     7 |     6 |    23 ||    36
 Armour: Robe              |     5 |    27 |       |       ||    32
         Leather armour    |       |       |   146 |    95 ||   241
  Dodge: Dodged            |     8 |    41 |   286 |   150 ||   485
  Block: Other             |       |       |       |     8 ||     8

Table legend: (Time is in decaauts)
 A = Elapsed time spent in this place.
 B = Non-inter-level travel time spent in this place.
 C = Inter-level travel time spent in this place.
 D = Time resting spent in this place.
 E = Time spent auto-exploring this place.
 F = Levels seen in this place.
 G = Mean time per level.
                   A        B        C        D        E       F      G
               +--------+--------+--------+--------+--------+-----+--------+
         Total |  16058 |  15274 |    784 |   1184 |  11497 |  14 | 1147.0 |
       Dungeon |  15332 |  14662 |    670 |   1184 |  11187 |  12 | 1277.7 |
        Temple |    122 |      8 |    114 |      0 |      0 |   1 |  122.0 |
       Ossuary |    602 |    602 |      0 |      0 |    310 |   1 |  602.0 |
               +--------+--------+--------+--------+--------+-----+--------+

Top non-repeatable levels by time:
    D:10: 2004 daAuts
     D:3: 1646 daAuts
    D:12: 1472 daAuts
     D:8: 1447 daAuts
     D:4: 1352 daAuts
     D:5: 1319 daAuts
     D:6: 1291 daAuts
     D:2: 1118 daAuts
    D:11: 1085 daAuts
     D:1: 903 daAuts
     D:7: 876 daAuts
     D:9: 814 daAuts
 Ossuary: 602 daAuts
  Temple: 122 daAuts
